 Dungeon Crawl Stone Soup version 0.17-a0-2055-gb4e23be (webtiles) character file.

303 radek the Chopper (level 6, -3/48 HPs)
             Began as a Demonspawn Chaos Knight on Oct 11, 2015.
             Slain by a gnoll
             ... wielding a +0 spear
              (4 damage)
             ... on level 2 of the Dungeon.
             The game lasted 00:13:37 (2860 turns).

radek the Chopper (Demonspawn Chaos Knight)         Turns: 2860, Time: 00:13:38

Health: -3/48      AC:  7    Str: 14      XL:     6   Next: 15%
Magic:  6/6        EV: 11    Int: 11 (14) God:    Xom [....*.]
Gold:   168        SH:  0    Dex: 12      Spells: 0 memorised, 5 levels left

rFire  . . .     SeeInvis .     h - +0 war axe
rCold  . . .     Clarity  .     j - +0 ring mail (curse)
rNeg   . . .     SustAt   .     (no shield)
rPois  .         Gourm    .     g - +2 hat
rElec  .         Spirit   .     (no cloak)
rCorr  .         Warding  .     (no gloves)
rMut   .         Stasis   +     (no boots)
MR     .....                    i - amulet of stasis
Stlth  +.........               (no ring)
                                (no ring)

@: not resistant to hostile enchantments, very unstealthy
A: talons 2, foul stench 1, powered by pain 1, rot immunity
a: Renounce Religion


You were on level 2 of the Dungeon.
You worshipped Xom.
You were a beloved toy of Xom.
You were not hungry.

You visited 1 branch of the dungeon, and saw 3 of its levels.

You collected 168 gold pieces.

Inventory:

Hand Weapons
 a - a +0 hand axe of chaos
 h - a +0 war axe (weapon)
 l - a +0 hand axe
 m - a +0 mace
 r - a +0 dagger of electrocution
Armour
 b - a +2 leather armour
 g - a +2 hat (worn)
 j - a cursed +0 ring mail (worn)
 o - a +0 leather armour
Jewellery
 i - an amulet of stasis (around neck)
 w - an uncursed ring of magical power {unknown}
Wands
 s - a wand of slowing (11)
 u - a wand of flame (16)
Scrolls
 e - 4 scrolls of immolation {unknown}
 k - 2 scrolls of identify {unknown}
 n - a scroll of amnesia {unknown}
 q - a scroll of enchant weapon {unknown}
Potions
 d - a potion of curing {unknown}
 t - a potion of mutation {unknown}
 v - 2 potions of haste
 A - a potion of lignification {unknown}
Comestibles
 c - 2 bread rations
 f - 4 meat rations
 x - 2 chunks of flesh


   Skills:
 + Level 4.1 Fighting
 + Level 4.2 Axes
 + Level 2.5 Armour
 + Level 3.2 Dodging
 + Level 0.4 Stealth


You had 5 spell levels left.
You didn't know any spells.

Dungeon Overview and Level Annotations

Branches:
Dungeon (3/15)

Altars:
Cheibriados


Innate Abilities, Weirdness & Mutations

You have razor-sharp toenails.
You may emit foul miasma when damaged in melee.
You sometimes gain a little power by taking damage.
You are immune to rotting.


Message History

The gnoll barely misses you.
Drink which item? (? for menu, Esc to quit)
It was a potion of degeneration.
There was something very wrong with that liquid.
You feel dopey. The gnoll closely misses you.
The gnoll hits you but does no damage.
The gnoll looks sick.
You slash the gnoll! You claw the gnoll, but do no damage.
The gnoll is heavily wounded.
The gnoll hits you with a spear.
* * * LOW HITPOINT WARNING * * *
Use which ability?
Okay, then.
You hit the gnoll. Your kick misses the gnoll.
The gnoll is severely wounded.
The gnoll hits you but does no damage.
You hit the gnoll but do no damage.
The gnoll is severely wounded.
The gnoll hits you with a spear.
You die...

♣♣♣♣♣♣ ###.#.#.#
♣♣♣♣....♣♣♣ #.#.#.#
♣....♣♣♣..♣♣♣♣♣#.#.#.#
..♣♣♣♣ ♣♣♣.......#.#.#
♣♣♣ ♣♣......#.#.#
♣♣♣♣♣#.#...# #.#.#####
#g#.....# #@#.###.#
#>#.#...# ###.#.#### ♣
###.#....# ♣
♣♣#...####.# ♣
♣♣...#......#
♣♣♣♣♣♣♣.♣#.########
♣♣♣♣♣♣......♣♣#.#
♣♣..)♣.♣♣♣♣♣♣♣ #.#


You could see a gnoll.

Vanquished Creatures
  A porcupine (shapeshifter) (D:1)
  A sky beast (D:1)
  2 adders (D:2)
  2 gnolls (D:2)
  2 oozes
  4 worms (D:2)
  2 giant geckos
  An orc (D:3)
  11 bats
  5 giant cockroaches
  9 hobgoblins
  4 giant newts
  8 goblins
  9 kobolds
  7 rats
68 creatures vanquished.

Vanquished Creatures (collateral kills)
  A gnoll (D:2)
  A kobold (D:2)
2 creatures vanquished.

Grand Total: 70 creatures vanquished

Notes
Turn   | Place    | Note
--------------------------------------------------------------
     0 | D:1      | radek the Demonspawn Chaos Knight began the quest for the Orb.
     0 | D:1      | Reached XP level 1. HP: 18/18 MP: 1/1
    76 | D:1      | XOM: divination: magic mapping
   227 | D:1      | XOM: divination: magic mapping
   231 | D:1      | Reached skill level 1 in Dodging
   231 | D:1      | Gained mutation: You have sharp toenails. [demonic ancestry]
   231 | D:1      | Reached XP level 2. HP: 14/24 MP: 2/2
   639 | D:1      | Noticed a porcupine
   639 | D:1      | a rat changed into a porcupine
   641 | D:1      | XOM: potion effect (might)
   643 | D:1      | Killed a porcupine
   643 | D:1      | Gained mutation: You have razor-sharp toenails. [demonic ancestry]
   643 | D:1      | Reached XP level 3. HP: 10/30 MP: 3/3
   643 | D:1      | Gained mutation: You are immune to rotting. [demonic ancestry]
   643 | D:1      | Reached XP level 4. HP: 12/37 MP: 4/4
   660 | D:1      | XOM: divination: detect creatures
   744 | D:1      | XOM: harmless Pois miscast
   888 | D:1      | Noticed a sky beast
   897 | D:1      | Killed a sky beast
   897 | D:1      | Gained mutation: You may emit foul miasma when damaged in melee. [demonic ancestry]
   897 | D:1      | Reached XP level 5. HP: 28/42 MP: 5/5
  1437 | D:2      | XOM: mild Erth miscast
  1459 | D:2      | Found a snail-covered altar of Cheibriados.
  1466 | D:2      | XOM: summons 2 friendly demons
  1484 | D:2      | Reached skill level 4 in Axes
  1821 | D:2      | Gained mutation: You sometimes gain a little power by taking damage. [demonic ancestry]
  1821 | D:2      | Reached XP level 6. HP: 37/48 MP: 6/6
  2042 | D:2      | XOM: medium Air miscast
  2858 | D:2      | HP: 1/48 [gnoll/spear (5)]
  2860 | D:2      | Slain by a gnoll

Vault maps used:
D:1:      dpeg_arrival_shrine
D:2:      forest_paths, cheibriados_altar_wand_db, first_bread

Action                   |  1- 3 |  4- 6 || total
-------------------------+-------+-------++-------
Melee: Hand axe          |    61 |   133 ||   194
       War axe           |       |    40 ||    40
  Use: Potion            |       |     1 ||     1
 Stab: Petrifying        |       |     1 ||     1
       Sleeping          |       |     1 ||     1
  Eat: Chunk             |       |     4 ||     4
       Beef jerky        |       |     2 ||     2
